 Dungeon Crawl Stone Soup version 0.13-a0-2907-g70ca29e (webtiles) character file.

114 4tharraofdagon the Ducker (level 3, -18/16 HPs)
             Began as a Felid Monk on Aug 31, 2013.
             Killed by an exploding giant spore (31 damage)
             ... on Level 6 of the Dungeon.
             The game lasted 00:04:18 (1126 turns).

4tharraofdagon the Ducker (Felid Monk)              Turns: 1126, Time: 00:04:18

HP -18/16        AC  1     Str  8      XL: 3   Next: 30%
MP  13/13        EV 20     Int 11      God:
Gold 74          SH  0     Dex 18      Spells:  1 memorised,  1 level left
Lives: 0, deaths: 1

Res.Fire  : . . .   See Invis. : +     - Unarmed
Res.Cold  : . . .   Warding    : .   (armour unavailable)
Life Prot.: . . .   Conserve   : .   (shield unavailable)
Res.Poison: .       Res.Corr.  : .   (helmet unavailable)
Res.Elec. : .       Clarity    : .   (cloak unavailable)
Sust.Abil.: . .     Spirit.Shd : .   (gloves unavailable)
Res.Mut.  : .       Stasis     : .   (boots unavailable)
Res.Rott. : .       Flight     : .   (no amulet)
Saprovore : . . .                    (no ring)
                                     c - ring of magical power

@: confused, quick, slightly resistant to hostile enchantments, unstealthy
A: paw claws, no armour, no advanced items, fangs 3, see invisible, carnivore 3,
speed 1, slow metabolism 1, AC +1
a: no special abilities


You were on level 6 of the Dungeon.
You were not hungry.

You visited 1 branch of the dungeon, and saw 6 of its levels.

You collected 74 gold pieces.

Inventory:

Comestibles
 b - 2 meat rations
Scrolls
 d - a scroll of teleportation {unknown}
 e - a scroll of fog {unknown}
Jewellery
 a - an uncursed amulet of stasis {unknown}
 c - a ring of magical power (left paw)
 h - an uncursed ring of fire
Potions
 f - a potion of curing
Books
 k - a book of Necromancy

   Spells                             Type                      Level
   Pain                               Necromancy                   1
   *Animate Skeleton                  Necromancy                   1
   Lethal Infusion                    Charms/Necromancy            2
   Vampiric Draining                  Necromancy                   3
   Regeneration                       Charms/Necromancy            3
   Animate Dead                       Necromancy                   4
   Control Undead                     Necromancy                   4


   Skills:
 + Level 3.0 Fighting
 + Level 4.8 Dodging
 - Level 2.6 Stealth
 * Level 4.1 Unarmed Combat
 + Level 0.1 Spellcasting


You had one spell level left.
You knew the following spells:

 Your Spells              Type           Power        Failure   Level  Hunger
a - Animate Skeleton      Necr           N/A          34%         1    ##.....


Dungeon Overview and Level Annotations

Branches:
Dungeon (6/27)
 Temple: D:4-7          Orc: D:6-11

Altars:
Elyvilon
Okawaru

Annotations:
D:4 Dowan, Duvessa


Innate Abilities, Weirdness & Mutations

You cannot wear armour.
You are incapable of any advanced item manipulation.
Your paws have sharp claws.
You have razor-sharp teeth.
You have supernaturally acute eyesight.
You are carnivorous and can eat meat at any time.
You cover ground quickly.
You are covered in fur (AC +1).
You have a slow metabolism.


Message History

Found 25 gold pieces.
Found 10 gold pieces and a war axe.
A giant spore comes into view.
The giant spore waves its rhizomes.
A ballistomycete grows in the wake of the spore.
A worker ant comes into view.
Read which item? (? for menu, Esc to quit)
As you read the scroll labeled GUEJICV CLELEP, it crumbles to dust.
Use on which item? (\ to view known items) (? for menu, Esc to quit)
Nothing appears to happen.
Read which item? (? for menu, Esc to quit)
As you read the scroll labeled DONOFAO HIATI, it crumbles to dust.
Forget which spell ([?*] list [ESC] exit)?
Okay, then.
It was a scroll of amnesia.
The giant spore explodes!
A fungus suddenly grows.
The explosion of spores engulfs you!
You are confused.
Ouch! That really hurt!
You die...

..$..w$......
...............
.................
...................
...)................#
....................#
..f.......K.........#
.........g###K.?......#
......f.@## ##.I........
.........# #...........
........# ##...........
.........###............
..............w.........
.......................
a.....................
...............<.<...
.............<....


You could see a worker ant (sleeping), a goblin and a kobold.

Vanquished Creatures
  An orc wizard (D:4)
  A worker ant (D:4)
  2 adders
  2 giant geckos
  3 hobgoblins
  A bat (D:2)
  3 giant newts
  2 goblins
  4 kobolds
  A rat (D:4)
  A butterfly (D:4)
21 creatures vanquished.

Notes
Turn   | Place    | Note
--------------------------------------------------------------
     0 | D:1      | 4tharraofdagon, the Felid Monk, began the quest for the Orb.
     0 | D:1      | Reached XP level 1. HP: 9/9 MP: 1/1
   193 | D:2      | Reached XP level 2. HP: 7/13 MP: 2/2
   456 | D:4      | Noticed Duvessa
   527 | D:4      | Found an iron altar of Okawaru.
   575 | D:4      | Reached XP level 3. HP: 8/16 MP: 4/4
   842 | D:4      | Learned a level 1 spell: Animate Skeleton
   846 | D:4      | Found a white marble altar of Elyvilon.
   908 | D:4      | Noticed Dowan
   932 | D:4      | Reached XP level 4. HP: 5/20 MP: 6/6
   933 | D:4      | Slain by an iguana
   934 | D:4      | Reached XP level 3. HP: -4/16 MP: 13/13
   957 | D:5      | Entered Level 5 of the Dungeon
  1108 | D:6      | Noticed an ice beast
  1126 | D:6      | Killed by an exploding giant spore

Action                   |  1- 3 |  4- 6 || total
-------------------------+-------+-------++-------
Melee: Unarmed           |    77 |     1 ||    78
  Use: Potion            |     5 |       ||     5
       Scroll            |     2 |       ||     2
 Stab: Sleeping          |     5 |       ||     5
